 Dungeon Crawl Stone Soup version 0.31.0-11-ge490571c62 (webtiles) character file.

Game seed: 17003175297217202135

30 Buffagor the Insei (level 3, -8/26 HPs)
             Began as a Merfolk Shapeshifter on Feb 10, 2024.
             Mangled by Terence
             ... wielding a +0 trident of venom
              (10 damage)
             ... on level 2 of the Dungeon.
             The game lasted 00:02:46 (759 turns).

Buffagor the Insei (Merfolk Shapeshifter)            Turns: 759, Time: 00:02:47

Health: -8/26      AC:  3    Str: 14    XL:     3   Next: 20%
Magic:  3/3        EV: 12    Int:  9    God:
Gold:   41         SH:  0    Dex: 15    Spells: 2/2 levels left

rFire   . .          .
                       - Unarmed
rCold   . . .        (no shield)
rNeg    + . .        f - +0 leather armour
rPois   .            (helmet currently unavailable)
rElec   .            (cloak currently unavailable)
rCorr   .            (gloves currently unavailable)
SInv    .            (boots currently unavailable)
Will    .....        (no amulet)
Stlth   +            l - ring of positive energy
HPRegen 0.24/turn    (no ring)
MPRegen 0.08/turn

%: no passive effects
@: lethally poisoned (-8 -> -20), beast-form
A: beast (slay +2), (nimble swimmer 2), mertail
a: Begin Untransformation


You were on level 2 of the Dungeon.
You were a hulking beast.
You visited 1 branch of the dungeon, and saw 2 of its levels.

You collected 41 gold pieces.

Inventory:

Armour
 a - a +0 animal skin
 f - a +0 leather armour (worn)
 i - a +0 helmet
Jewellery
 l - a ring of positive energy (left hand)
Talismans
 c - a beast talisman
 d - a flux talisman
Scrolls
 e - a scroll of vulnerability {unknown}
 g - a scroll of blinking {unknown}
 h - a scroll of teleportation {unknown}
 j - a scroll of enchant armour {unknown}
Potions
 b - a potion of lignification
 k - a potion of cancellation {unknown}
 m - a potion of heal wounds {unknown}
 n - a potion of enlightenment {unknown}


   Skills:
 - Level 1.1 Fighting
 - Level 2.6 Dodging
 + Level 4.7 Unarmed Combat
 - Level 4.0 Shapeshifting


You had 2 spell levels left.
You didn't know any spells.
Your spell library was empty.

Dungeon Overview and Level Annotations

Branches:
Dungeon (2/15)

Altars:

Annotations:
D:2 Terence


Innate Abilities, Weirdness & Mutations

You are a hulking beast.
Your limbs bulge with bestial killing power. (Slay +2)
((You are very nimble when in or above water. (Stealth+, EV+, Speed+++)))
Your lower body shifts to a powerful aquatic tail in water.


Message History

You open the door.
A rat comes into view.
Found a stone staircase leading up.
There is an open door here.
The rat squeaks loudly.
The rat bites you but does no damage.
You hit the rat.
You kill the rat!
Found a stone staircase leading down.
There is a stone staircase leading down here.
n - a bubbling sapphire potion Terence the Incautious comes into view.
He is wielding a +0 trident of venom.
Terence barely misses you.
You hit Terence. You punch Terence.
Terence is heavily wounded.
Terence closely misses you.
You hit Terence. Your punch misses Terence.
Terence is heavily wounded.
Terence hits you with a +0 trident of venom!
You closely miss Terence.
Terence is heavily wounded.
Terence hits you with a +0 trident of venom.
You are poisoned.
You hit Terence.
Terence is heavily wounded.
You feel very sick. Terence closely misses you.
You hit Terence.
Terence is severely wounded.
You feel sick.
Terence hits you with a +0 trident of venom.
* * * LOW HITPOINT WARNING * * *
You are more poisoned.
You closely miss Terence.
Terence is severely wounded.
* * * LOW HITPOINT WARNING * * *
You feel very sick.
Terence hits you with a +0 trident of venom!
You die...
Terence says, "Time to find some more victims."

.......# #..†..# #####..#
##.....############
#>......###......'...........
#................############
#.########...<.....# ...
#..#.####.# #.# #..#.####.#
#.# ###.#..#...##.# #.#
......@h.#.##.#
#########.#.##.####.#
....................#
#########.#....####.###
#...............#...#
#.#####.####.##...# #
####.#............>..# .
..##.#.###.........#.# #
#.#.##.#.#.............#


You could see Terence.

Vanquished Creatures
  A dart slug (D:1)
  3 ball pythons (D:1)
  An endoplasm (D:1)
  6 giant cockroaches (D:1)
  A goblin (D:1)
  2 hobgoblins (D:1)
  2 quokkas
  A bat (D:1)
  A frilled lizard (D:1)
  3 kobolds (D:1)
  5 rats
26 creatures vanquished.

Notes
Turn   | Place    | Note
-------+----------+-------------------------------------------
     0 | D:1      | Buffagor the Merfolk Shapeshifter began the quest for the
                  | Orb.
     0 | D:1      | Reached XP level 1. HP: 15/15 MP: 1/1
   111 | D:1      | Reached XP level 2. HP: 18/21 MP: 2/2
   321 | D:1      | Reached XP level 3. HP: 25/26 MP: 3/3
   472 | D:1      | Found a faded altar of an unknown god.
   752 | D:2      | Noticed Terence
   759 | D:2      | Mangled by Terence

Illustrated notes

Levels and vault maps discovered:
D:1:      minmay_arrival_three_doors, layout_basic,
          shapermc_ecumenical_altar_petra
D:2:      layout_basic, kennysheep_another_room, uniq_terence

Skill      XL: |  1  2 |
---------------+-------+-----
Unarmed Combat | 4 |  4.7
Fighting       | |  1.1
Dodging        | |  2.6
Shapeshifting  | |  4.0

Action                     || total
---------------------------++-------
  Melee: Unarmed           ||    70
         Punch             ||     5
  Throw: Stone             ||     7
   Stab: Sleeping          ||     1
 Armour: Animal skin       ||    25
         Leather armour    ||     7
  Dodge: Dodged            ||    35
